 Dungeon Crawl Stone Soup version 0.29.1-12-g30fa7ad0bf (webtiles) character file.

Game seed: 9287656819150265459

10 xzight the Grave Robber (level 2, -1/20 HPs)
             Began as a Ghoul Necromancer on Dec 28, 2022.
             Slain by a hobgoblin (3 damage)
             ... on level 1 of the Dungeon.
             The game lasted 00:01:18 (351 turns).

xzight the Grave Robber (Ghoul Necromancer)          Turns: 351, Time: 00:01:18

Health: -1/20      AC:  2    Str: 11    XL:     2   Next: 20%
Magic:  0/4        EV: 12    Int: 10    God:
Gold:   21         SH:  0    Dex:  9    Spells: 4/5 levels left

rFire   . . .      SeeInvis .   (no weapon)
rCold   + . .      Faith    .   (no shield)
rNeg    + + +      Spirit   .   a - +0 robe
rPois   ∞          Reflect  .   (no helmet)
rElec   .          Harm     .   (no cloak)
rCorr   .          Rampage  .   (no gloves)
Will    .....                   (no boots)
Stlth   ++........              (no amulet)
HPRegen 0.00/turn               (no ring)
MPRegen 0.09/turn               (no ring)

@: very slightly contaminated, inhibited regen
A: claws 1, cold resistance 1, negative energy resistance 3, inhibited
regeneration, torment resistance 2, devour on kill
a: no special abilities


You were on level 1 of the Dungeon.
You visited 1 branch of the dungeon, and saw 1 of its levels.

You collected 21 gold pieces.


Innate Abilities, Weirdness & Mutations

You are immune to poison.
You have sharp fingernails.
Your flesh is cold resistant. (rC+)
You are immune to negative energy. (rN+++)
You do not regenerate when monsters are visible.
You are immune to unholy pain and torment.
You thrive by killing the living.


   Skills:
 - Level 1.7 Dodging
 - Level 2.1 Stealth
 + Level 2.4 Spellcasting
 - Level 4.0 Necromancy


You had 4 spell levels left.
You knew the following spells:

 Your Spells              Type           Power      Damage    Failure   Level
a - Necrotise             Necr           36%        1d5       6%          1

Your spell library contained the following spells:

 Spells                   Type           Power      Damage    Failure   Level
 Vampiric Draining        Necr           9%         2d6       17%         3
 Animate Dead             Necr           9%         N/A       50%         4
 Agony                    Necr           9%         N/A       85%         5

Inventory:

Armour
 a - a +0 robe (worn)
Magical Staves
 d - a staff of fire {!a}
Scrolls
 c - a scroll of immolation {unknown}
Potions
 b - a potion of magic

Dungeon Overview and Level Annotations

Branches:
Dungeon (1/15)

Altars:

.... ........#
.........#
.........#
+.........#
##.........###
.... ....>.r.#
........###.#g##@#
#..............#g#
#.....#.#...#....#
#.....#.......####
#.....#.##...####
#.....#.........#
#.............#.#
#...............#
#....##.#.#####.#


You could see a hobgoblin and a rat.


Message History

The hobgoblin barely resists.
The hobgoblin closely misses you. The rat bites you.
You barely miss the hobgoblin. The hobgoblin hits you. The rat bites you.
* * * LOW HITPOINT WARNING * * *
You closely miss the hobgoblin. The hobgoblin misses you.
The rat bites you but does no damage.
You scratch the hobgoblin but do no damage.
The hobgoblin hits you.
* * * LOW HITPOINT WARNING * * *
The rat closely misses you.
You scratch the hobgoblin but do no damage.
The hobgoblin closely misses you. The rat bites you.
* * * LOW HITPOINT WARNING * * *
Aiming: Necrotise (safe; 6% risk of failure)
Press: ? - help, Q - select action Shift-Dir - straight line, f/p - hobgoblin
Aim: a hobgoblin (chance to affect: 76%)
You miscast Necrotise.
You are very lightly contaminated with residual magic.
Nothing appears to happen.
The hobgoblin misses you. The rat bites you.
* * * LOW HITPOINT WARNING * * *
You completely miss the hobgoblin. The hobgoblin hits you.
* * * LOW HITPOINT WARNING * * *
The rat misses you.
You closely miss the hobgoblin. The hobgoblin barely misses you.
The rat barely misses you.
You closely miss the hobgoblin. The hobgoblin barely misses you.
The rat barely misses you.
You barely miss the hobgoblin. The hobgoblin hits you.
You die...

Skill      XL: |  1 |
---------------+----+-----
Spellcasting   | 2 |  2.4
Dodging        | |  1.7
Stealth        | |  2.1
Necromancy     | |  4.0

Action                   || total
-------------------------++-------
Melee: Unarmed           ||    26
       Punch             ||     1
 Cast: Necrotise         ||    13
Armor: Robe              ||     4
Dodge: Dodged            ||    20

Levels and vault maps discovered:
D:1:      minmay_arrival_jagged, layout_basic, serial_curves, eino_curves_02,
          eino_curves_04

Notes
Turn   | Place    | Note
-------+----------+-------------------------------------------
     0 | D:1      | xzight the Ghoul Necromancer began the quest for the Orb.
     0 | D:1      | Reached XP level 1. HP: 14/14 MP: 2/2
   126 | D:1      | Reached skill level 2 in Spellcasting
   269 | D:1      | Reached XP level 2. HP: 20/20 MP: 0/4
   348 | D:1      | HP: 2/20 [hobgoblin (2)]
   351 | D:1      | Slain by a hobgoblin

Vanquished Creatures
  A bat (D:1)
  An endoplasm (D:1)
  A quokka (D:1)
  A ball python (D:1)
  6 rats (D:1)
10 creatures vanquished.

Vanquished Creatures (collateral kills)
  An endoplasm (D:1)
1 creature vanquished.

Grand Total: 11 creatures vanquished

Table legend: (Time is in decaauts)
 A = Elapsed time spent in this place.
 B = Non-inter-level travel time spent in this place.
 C = Inter-level travel time spent in this place.
 D = Time resting spent in this place.
 E = Time spent auto-exploring this place.
 F = Levels seen in this place.
 G = Mean time per level.
                   A        B        C        D        E       F      G
               +--------+--------+--------+--------+--------+-----+--------+
         Total |    351 |    351 |      0 |     60 |    187 |   1 |  351.0 |
       Dungeon |    351 |    351 |      0 |     60 |    187 |   1 |  351.0 |
               +--------+--------+--------+--------+--------+-----+--------+

Top non-repeatable levels by time:
     D:1: 351 daAuts

Table legend:
 A = Non-vault XP
 B = Vault XP
 C = Vault XP percentage of total XP
 D = Non-vault monster count
 E = Vault monster count
 F = Vault count percentage of total count
                 A         B        C        D         E       F
            +---------+---------+-------+---------+---------+-------
      Total |      15 |       0 |   0.0 |      11 |       0 |   0.0
            +---------+---------+-------+---------+---------+-------
        D:1 |      15 |       0 |   0.0 |      11 |       0 |   0.0
            +---------+---------+-------+---------+---------+-------
